 Dungeon Crawl Stone Soup version 0.29.1-15-g9cfb28693d (webtiles) character file.

Game seed: 4789671346227026188

13 devnull the Poker (level 2, -2/22 HPs)
             Began as a Merfolk Gladiator on Apr 23, 2023.
             Frozen to death by an endoplasm (5 damage)
             ... on level 1 of the Dungeon.
             The game lasted 00:01:34 (304 turns).

devnull the Poker (Merfolk Gladiator)                Turns: 304, Time: 00:01:35

Health: -2/22      AC:  4    Str: 14    XL:     2   Next: 37%
Magic:  2/2        EV: 17    Int:  7    God:
Gold:   21         SH:  0    Dex: 15    Spells: 1/1 levels left

rFire   . . .      SeeInvis .   a - +0 trident
rCold   . . .      Faith    .   (no shield)
rNeg    . . .      Spirit   .   b - +0 leather armour
rPois   .          Reflect  .   c - +0 helmet
rElec   .          Harm     .   j - scarf {shadows}
rCorr   .          Rampage  .   (no gloves)
Will    .....                   (no boots)
Stlth   ..........              (no amulet)
HPRegen 0.07/turn               h - +4 ring of evasion
MPRegen 0.08/turn               (no ring)

@: silenced
A: (nimble swimmer 2), mertail
a: no special abilities


You were on level 1 of the Dungeon.
You visited 1 branch of the dungeon, and saw 1 of its levels.

You collected 21 gold pieces.

Inventory:

Hand Weapons
 a - a +0 trident (weapon)
Missiles
 e - a javelin (quivered)
 f - 6 poisoned darts
Armour
 b - a +0 leather armour (worn)
 c - a +0 helmet (worn)
 j - a scarf of shadows (worn)
Jewellery
 h - a +4 ring of evasion (left hand)
Scrolls
 g - a scroll of identify
 i - a scroll of vulnerability


   Skills:
 - Level 2.1 Fighting
 + Level 5.0 Polearms
 - Level 2.0 Throwing
 - Level 4.0 Dodging


You had one spell level left.
You didn't know any spells.
Your spell library was empty.

Dungeon Overview and Level Annotations

Branches:
Dungeon (1/15)

Altars:


Innate Abilities, Weirdness & Mutations

((You are very nimble when in or above water. (Stealth+, EV+, Speed+++)))
Your lower body shifts to a powerful aquatic tail in water.


Message History

Unknown command.
Throw: 3 throwing nets
Press: ? - help, Shift-Dir - straight line, f/p - hobgoblin
Aim: a hobgoblin (heavily wounded, 60% to hit)
You throw a throwing net. The throwing net hits the hobgoblin.
The hobgoblin is caught in the net!
The hobgoblin is heavily wounded.
The hobgoblin struggles against the net.
You hit the hobgoblin.
You kill the hobgoblin!
Your Polearms skill increases to level 5!
You closely miss the kobold. The kobold hits you but does no damage.
You barely miss the kobold. The kobold misses you.
You barely miss the kobold. The kobold hits you with a +0 dagger.
* * * LOW HITPOINT WARNING * * *
As you read the scroll labelled HIHARI ODYAM, it crumbles to dust.
It is a scroll of identify.
i - a scroll of vulnerability The kobold closely misses you.
As you read the scroll labelled OWKAFA BAUW, it crumbles to dust.
A profound silence engulfs you.
It was a scroll of silence.
The kobold barely misses you.
You aren't carrying any potions.
Throw: 2 throwing nets
Press: ? - help, Shift-Dir - straight line, f - kobold
Aim: a kobold, wielding a +0 dagger (silenced, 53% to hit)
You throw a throwing net. The throwing net hits the kobold.
The kobold is caught in the net!
The kobold struggles against the net.
You catch the helpless kobold completely off-guard!
You hit the kobold.
You kill the kobold!
Throw: throwing net
Press: ? - help, Shift-Dir - straight line, f - endoplasm
Aim: an endoplasm (silenced, unaffected by silence, 86% to hit)
You throw a throwing net. The throwing net hits the endoplasm.
The endoplasm is caught in the net!
The endoplasm freezes you.
You are frozen.
You die...

# #...##.......'#..# ##..........
# #..##.........##.############..
# #.##...........##..## #.#
#####.............##..## #.#
.####..............##..# #...
...........<...........## #....#
.#.##..............###..##....###
..).+.............#####......# #
....##.....(....@####......### #
.....##.........#Jg#...###..# #
......##.......###....## #..# #
.......##.....##....### #.#
##......#######g#..## .#
.......#†## # ..........##
.......#...##### #..#...........#


You could see an endoplasm (unsilenced, caught) and a hobgoblin.

Vanquished Creatures
  An endoplasm (D:1)
  A giant cockroach (D:1)
  3 hobgoblins (D:1)
  A quokka (D:1)
  2 ball pythons (D:1)
  A frilled lizard (D:1)
  A goblin (D:1)
  2 kobolds (D:1)
  A rat (D:1)
13 creatures vanquished.

Notes
Turn   | Place    | Note
-------+----------+-------------------------------------------
     0 | D:1      | devnull the Merfolk Gladiator began the quest for the Orb.
     0 | D:1      | Reached XP level 1. HP: 16/16 MP: 1/1
   124 | D:1      | Reached XP level 2. HP: 22/22 MP: 2/2
   297 | D:1      | Reached skill level 5 in Polearms
   304 | D:1      | Frozen to death by an endoplasm

Illustrated notes

Levels and vault maps discovered:
D:1:      lemuel_arrival_rhombus, layout_rooms,
          hellmonk_ecumenical_altar_zigzags, minmay_lizard_king

Skill      XL: |  1  2 |
---------------+-------+-----
Polearms       | 5 |  5.0
Fighting       | |  2.1
Throwing       | |  2.0
Dodging        | |  4.0

Action                   || total
-------------------------++-------
Melee: Trident           ||    46
Throw: Throwing net      ||     3
  Use: Scroll            ||     2
 Stab: Sleeping          ||     1
       Held in net/web   ||     1
Armor: Leather armour    ||    11
Dodge: Dodged            ||    34
